 Dungeon Crawl Stone Soup version 0.30.0-17-ge0270778cf (webtiles) character file.

Game seed: 11342998632729014193

5787 Cheops the Covert (level 10, -3/73 HPs)
             Began as an Armataur Earth Elementalist on May 22, 2023.
             Was a Follower of Uskayaw.
             Slain by a killer bee (7 damage)
             ... on level 9 of the Dungeon.
             The game lasted 00:55:23 (11761 turns).

Cheops the Covert (Armataur Earth Elementalist)    Turns: 11761, Time: 00:55:24

Health: -3/73      AC:  6    Str: 14    XL:     10   Next: 50%
Magic:  12/25      EV:  9    Int: 17    God:    Uskayaw [*.....]
Gold:   481        SH:  0    Dex: 13    Spells: 7/17 levels left

rFire   . . .        a - +2 dagger (venom)
rCold   . . .        (no shield)
rNeg    . . .        I - +0 steam dragon scales
rPois   .            (no helmet)
rElec   .            t - +0 cloak
rCorr   .            (no gloves)
SInv    .            (no barding)
Will    .....        (no amulet)
Stlth   ++++         w - ring of wizardry
HPRegen 0.32/turn    x - ring of magical power
MPRegen 0.19/turn

%: roll, wizardry (x1)
@: no status effects
A: large, rugged brown scales 3, deformed body, armoured tail, roll, long
tongue, awkward tongue
a: Renounce Religion, Stomp


You were on level 9 of the Dungeon.
You worshipped Uskayaw.
Uskayaw was noncommittal.
You visited 2 branches of the dungeon, and saw 11 of its levels.

You collected 481 gold pieces.

Inventory:

Hand Weapons
 a - a +2 dagger of venom (weapon)
 b - a +3 heavy falchion
 f - a +0 short sword
 q - a +0 dagger
 A - a +2 dagger of protection
 B - a +4 dagger
 D - a +4 dagger
Armour
 c - a +0 robe
 m - the +0 robe "Luyhoy" {Rampage rF+}
   (You found it on level 2 of the Dungeon)

   rF:        It protects you from fire.
   Rampage:   It bestows one free step when moving towards enemies.
 t - a +0 cloak (worn)
 I - +0 steam dragon scales (worn)
Jewellery
 i - a +4 ring of protection
 w - a ring of wizardry (left hand)
 x - a ring of magical power (right hand)
 E - the ring of Day {Fly rElec}
   (You found it on level 9 of the Dungeon)

   [ring of flight]

   rElec:     It insulates you from electricity.
   Fly:       It grants you flight.
 L - a ring of protection from cold
Wands
 y - a wand of roots (6)
 C - a wand of polymorph (13)
 F - a wand of paralysis (3)
 H - a wand of flame (22)
 M - a wand of mindburst (8)
 N - a wand of light (5)
Scrolls
 e - 3 scrolls of poison
 h - 2 scrolls of amnesia
 j - 3 scrolls of enchant armour
 l - 2 scrolls of silence
 o - 2 scrolls of fear {unknown}
 s - 2 scrolls of vulnerability
 u - a scroll of fog
 v - 4 scrolls of magic mapping
 K - a scroll of identify
Potions
 d - 3 potions of curing
 g - 2 potions of magic
 k - 3 potions of heal wounds {unknown}
 n - 3 potions of might {unknown}
 p - a potion of berserk rage {unknown}
 r - a potion of degeneration {unknown}
 z - 2 potions of mutation {unknown}
 G - a potion of brilliance {unknown}
 J - a potion of resistance {unknown}


   Skills:
 - Level 7.0 Short Blades
 - Level 1.3 Dodging
 - Level 10.0 Stealth
 - Level 4.0 Spellcasting
 - Level 3.2 Conjurations
 - Level 6.0 Transmutations
 - Level 6.0 Earth Magic
 + Level 1.5 Invocations
 - Level 3.1 Evocations


You had 7 spell levels left.
You knew the following spells:

 Your Spells              Type           Power      Damage    Failure   Level
a - Sandblast             Erth           46%        2d11      1%          1
b - Stone Arrow           Conj/Erth      38%        3d9       2%          3
p - Petrify               Tmut/Erth      23%        N/A       5%          4
P - Passwall              Tmut/Erth      19%        N/A       1%          2

Your spell library contained the following spells:

 Spells                   Type           Power      Damage    Failure   Level
 Apportation              Tloc           6%         N/A       6%          1
 Necrotise                Necr           12%        1d4       6%          1
 Summon Small Mammal      Summ           12%        N/A       6%          1
 Poisonous Vapours        Pois/Air       6%         N/A       10%         2
 Mephitic Cloud           Conj/Pois/Air  7%         N/A       12%         3
 Freezing Cloud           Conj/Ice/Air   3%         6-21      71%         5


Dungeon Overview and Level Annotations

Branches:
Dungeon (10/15)            Temple (1/1) D:7            Lair (0/5) D:9
    Orc: D:9-12

Altars:
Ashenzari
Cheibriados
Dithmenos
Elyvilon
Fedhas
Gozag
Hepliaklqana
Kikubaaqudgha
Makhleb
Nemelex Xobeh
Okawaru
Qazlal
Ru
Sif Muna
Trog
Uskayaw
Vehumet
Wu Jian
Xom
Yredelemnul
Zin
The Shining One

Annotations:
D:4 2 runed translucent doors, GloriousHammer's ghost, amateur GrFE


Innate Abilities, Weirdness & Mutations

You are completely covered in rugged brown scales. (AC +3, +7% HP)
Armour fits poorly on your strangely shaped body.
You have a long armoured tail.
You roll when moving toward enemies. (Rampage)
Your long tongue fully drains potion bottles. (2x potion effects)
Your tongue gives you trouble enunciating. (1.5x scroll delay)


Message History

Okay, then.
Unknown command.
You see here a +0 trident.
Uskayaw prepares the audience for your solo!
The polar bear is no longer paralysed.
You see here a +0 trident.
The kobold brigand is no longer paralysed.
You see here a +0 trident.
The polar bear attacks as you move away!
The polar bear bites you!
* * * LOW HITPOINT WARNING * * *
The polar bear barely misses you. The polar bear claws you.
* * * LOW HITPOINT WARNING * * *
You can no longer pass through a line of other dancers.
The killer bee buzzes angrily.
You hear an angry buzzing noise.
The polar bear attacks as you move away!
The polar bear bites you.
* * * LOW HITPOINT WARNING * * *
The polar bear misses you. The polar bear completely misses you.
The polar bear attacks as you move away!
The polar bear barely misses you. The polar bear claws you.
* * * LOW HITPOINT WARNING * * *
The polar bear claws you.
* * * LOW HITPOINT WARNING * * *
A killer bee comes into view.
The polar bear attacks as you move away!
The polar bear bites you.
* * * LOW HITPOINT WARNING * * *
The polar bear claws you but does no damage.
The polar bear claws you.
* * * LOW HITPOINT WARNING * * *
The killer bee barely misses you.
The polar bear attacks as you move away!
The polar bear bites you!
* * * LOW HITPOINT WARNING * * *
The polar bear claws you but does no damage.
The polar bear barely misses you.
The killer bee attacks as you move away!
The killer bee stings you!
You die...

#.#.................# ##.
#.##########.##.....# #.
#...................########.
###.......##.#####...........
#.......................)...
#........#...##.#.#####.....
#...)....#...##รท#.###.......
#.########...<#.#.##........
#.# #.@###.#.##......~. #.#
#.hy...#.~..y......
##.#########y.y####....#.#...
#...oo............y.....##..#
#...###########.##.....###...
#...# #.##...#..#.).. #...#
#......#.....>. #...#
###.......#.... #...#
##.......#...


You could see a polar bear and 3 killer bees.

Vanquished Creatures
  Harold (D:9)
  Maggie (D:8)
  A rime drake (D:9)
  A hornet (D:8)
  4 yaks (D:9)
  A shadow (D:8)
  2 wyverns
  A steam dragon (D:8)
  Menkaure (D:6)
  An acid dragon (D:7)
  A water moccasin (D:7)
  3 ice beasts (D:9)
  A sky beast (D:8)
  2 ogres
  2 wolves
  A centaur (D:5)
  4 kobold brigands
  2 bullfrogs (D:7)
  4 scorpions
  4 necrophages (D:6)
  A water moccasin zombie (D:6)
  4 wights
  6 killer bees (D:8)
  2 howler monkeys (D:8)
  3 jellies (D:5)
  A hound (D:4)
  Crazy Yiuf (D:3)
  An orc priest (D:7)
  3 sleepcaps
  2 iguanas
  2 orc wizards
  A killer bee zombie (D:6)
  A howler monkey zombie (D:6)
  8 adders
  4 gnolls (D:7)
  4 white imps
  A worm (D:4)
  4 dart slugs
  23 orcs
  5 ball pythons
  3 endoplasms
  4 giant cockroaches
  4 goblins
  13 hobgoblins
  5 jackals (D:1)
  30 kobolds
  4 quokkas
  6 frilled lizards
  5 rats
189 creatures vanquished.

Notes
Turn   | Place    | Note
-------+----------+-------------------------------------------
     0 | D:1      | Cheops the Armataur Earth Elementalist began the quest for
                  | the Orb.
     0 | D:1      | Reached XP level 1. HP: 14/14 MP: 3/3
    74 | D:1      | Reached XP level 2. HP: 7/21 MP: 0/4
   400 | D:1      | Reached XP level 3. HP: 26/27 MP: 5/5
   403 | D:1      | Learned a level 2 spell: Passwall
   911 | D:1      | Found a faded altar of an unknown god.
  1503 | D:2      | Reached skill level 1 in Short Blades
  1510 | D:2      | Identified the +0 robe "Luyhoy" {Rampage rF+}
  1858 | D:3      | Reached XP level 4. HP: 35/35 MP: 1/6
  2034 | D:3      | Learned a level 3 spell: Stone Arrow
  2267 | D:3      | Found a runed translucent door.
  2268 | D:3      | Noticed Crazy Yiuf
  2732 | D:3      | Killed Crazy Yiuf
  2733 | D:3      | Reached XP level 5. HP: 18/40 MP: 5/7
  3366 | D:4      | Found a runed translucent door.
  3370 | D:4      | Noticed GloriousHammer's ghost (amateur GrFE)
  3378 | D:4      | Noticed an ogre
  3406 | D:5      | Entered Level 5 of the Dungeon
  3513 | D:5      | Reached skill level 1 in Transmutations
  3611 | D:5      | Reached skill level 1 in Conjurations
  3900 | D:4      | Killed an ogre
  3901 | D:4      | Reached XP level 6. HP: 45/48 MP: 0/8
  4242 | D:4      | Found a runed translucent door.
  4583 | D:5      | Reached skill level 3 in Stealth
  4864 | D:5      | Reached skill level 4 in Stealth
  4864 | D:5      | Reached XP level 7. HP: 53/53 MP: 9/9
  5299 | D:6      | Reached skill level 5 in Stealth
  5806 | D:6      | Reached skill level 6 in Stealth
  5989 | D:6      | Reached skill level 7 in Stealth
  6222 | D:6      | Learned a level 4 spell: Petrify
  6274 | D:6      | Found a blossoming altar of Fedhas.
  6341 | D:6      | Noticed Menkaure
  6354 | D:6      | Killed Menkaure
  6355 | D:6      | Reached XP level 8. HP: 60/60 MP: 7/11
  6606 | D:6      | Reached skill level 1 in Evocations
  6936 | D:7      | Reached skill level 5 in Earth Magic
  7330 | D:7      | Reached skill level 5 in Transmutations
  7340 | D:7      | Reached XP level 9. HP: 66/66 MP: 13/13
  7866 | D:7      | Found a staircase to the Ecumenical Temple.
  7891 | Temple   | Entered the Ecumenical Temple
  8056 | Temple   | Became a worshipper of Uskayaw the Reveller
  8101 | D:8      | Reached * piety under Uskayaw
  8106 | D:8      | Reached skill level 5 in Short Blades
  8106 | D:8      | Reached ** piety under Uskayaw
  9074 | D:7      | Found a staircase to the Ecumenical Temple.
  9232 | D:8      | Reached *** piety under Uskayaw
  9238 | D:8      | Reached **** piety under Uskayaw
  9239 | D:8      | Reached ***** piety under Uskayaw
  9245 | D:8      | HP: 2/63 [killer bee (8)]
 10216 | D:8      | Noticed Maggie
 10228 | D:8      | Killed Maggie
 10229 | D:8      | Reached skill level 8 in Stealth
 10288 | D:8      | Reached skill level 9 in Stealth
 10585 | D:9      | Identified the ring of Day {Fly rElec}
 10626 | D:9      | Noticed a polar bear
 10657 | D:9      | Reached XP level 10. HP: 56/73 MP: 10/14
 10744 | D:9      | Reached skill level 10 in Stealth
 11075 | D:9      | Found a staircase to the Lair.
 11104 | D:9      | You fall into a shaft and drop 1 floor!
 11104 | D:10     | Entered Level 10 of the Dungeon
 11734 | D:9      | Noticed Harold
 11741 | D:9      | Killed Harold
 11742 | D:9      | Reached skill level 1 in Invocations
 11761 | D:9      | Slain by a killer bee

Illustrated notes

Levels and vault maps discovered:
D:1:      eino_arrival_cavern_d, layout_loops_ring,
          shapermc_ecumenical_altar_petra, ebering_dispersal_statue_hall,
          minmay_misc_feat_room, minmay_gold_behind_fungi
D:2:      layout_basic, serial_bayou_pond_c
D:3:      layout_loops_ring, uniq_crazy_yiuf_cottage
D:4:      layout_basic, ebering_ghost_sewer_f
D:5:      layout_gridville, water_boxes_lemuel
D:6:      layout_cave_pools, fedhas_altar_decomposition, chequers_avenue,
          kennysheep_generic_room_9, uniq_menkaure
D:7:      layout_basic, minmay_temple_entry_proselytizer
D:8:      layout_gridville, grunt_decor_junction, uniq_maggie
D:9:      layout_basic, hellmonk_lair_entry_icy, uniq_harold
D:10:     layout_stronghold
Temple:   nicolae_temple_bog_church

Skill      XL: |  1  2  3  4  5  6  7  8  9 10 |
---------------+-------------------------------+-----
Earth Magic    | 3 4 5 6 |  6.0
Short Blades   | 1 3 4 7 |  7.0
Transmutations | 1 3 5 6 |  6.0
Conjurations   | 2 3 |  3.2
Stealth        | 4 7 9 10 | 10.0
Spellcasting   | 2 3 4 |  4.0
Evocations     | 3 |  3.1
Invocations    | 1 |  1.5
Dodging        | |  1.3

Action                     |  1- 3 |  4- 6 |  7- 9 | 10-12 || total
---------------------------+-------+-------+-------+-------++-------
  Melee: Short sword       |   126 |       |       |       ||   126
         Tailslap          |    14 |     1 |    13 |     6 ||    34
         Dagger            |       |    10 |   125 |    22 ||   157
         Punch             |       |       |     1 |       ||     1
   Cast: Sandblast         |    27 |    70 |    30 |     1 ||   128
         Passwall          |       |     7 |    14 |       ||    21
         Stone Arrow       |       |     6 |    84 |     7 ||    97
         Petrify           |       |       |    15 |    20 ||    35
  Evoke: Wand              |       |       |     1 |       ||     1
    Use: Scroll            |     4 |       |     4 |       ||     8
         Potion            |       |       |     5 |       ||     5
   Stab: Sleeping          |     6 |     2 |    11 |       ||    19
         Distracted        |     1 |       |       |       ||     1
         Petrified         |       |       |    13 |    11 ||    24
         Petrifying        |       |       |     1 |     1 ||     2
         Paralysed         |       |       |     1 |     1 ||     2
 Armour: Robe              |    48 |    21 |    65 |       ||   134
         Steam dragon scal |       |       |     1 |    17 ||    18
  Dodge: Dodged            |    72 |    21 |    77 |    21 ||   191
